Map: Ley Lines

Players

Sorinelu

  • Race: Protoss Protoss
  • League: Diamond
  • Spawn Location: 1:00

ManlyManMeat - Winner!

  • Race: Zerg Zerg
  • League: Diamond
  • Spawn Location: 7:00

VOD

Have the link to the VOD?

Description

Time

  • Played on: July 1, 2025, 1:11 p.m.
  • Length: 9:13
Show
View Real Time Build Order
Export as new Build Order

Sorinelu Protoss 

Build Orders:  

Get SALT Encoding   

  12  0:00  Probe  
  13  0:13  Pylon  
  13  0:14  Probe  
  14  0:32  Gateway  
  14  0:33  Probe  
  15  0:45  Probe  
  16  0:50  Assimilator  
  16  0:57  Probe  
  16  0:58  Assimilator  
  17  1:09  Probe  
  18  1:19  Cybernetics Core  
  18  1:21  Probe  
  19  1:26  Pylon  
  19  1:27  Zealot  
  21  1:34  Probe  
  22  1:46  Probe  
  23  1:58  Probe  
  24  2:03  Stargate, Shield Battery  
  24  2:12  Pylon, Adept  
  24  2:15  Probe  
  27  2:27  Probe  
  28  2:39  Probe  
  28  2:40  Void Ray  
  33  2:52  Probe  
  34  3:02  Pylon, Stalker  
  36  3:20  Void Ray  
  36  3:24  Probe  
  41  3:42  Nexus  
  41  4:02  Probe  
  46  4:03  Void Ray  
  46  4:08  Pylon  
  46  4:14  Probe  
  47  4:25  Assimilator  
  47  4:26  Probe  
  48  4:33  Forge  
  48  4:36  Gateway  
  48  4:38  Probe  
  49  4:51  Probe  
  50  5:13  Probe x2  
  52  5:20  Void Ray  
  56  5:25  Probe x2  
  56  5:26  Fleet Beacon  
  58  5:31  Photon Cannon  
  58  5:37  Probe x2  
  58  5:38  Adept  
  60  5:46  Adept  
  60  5:49  Probe x2  
  66  5:56  Pylon  
  66  5:59  Assimilator  
  66  6:01  Probe x2  
  68  6:05  Protoss Air Weapons Level 1, Protoss Shields Level 1  
  68  6:13  Probe  
  68  6:17  Nexus  
  69  6:24  Probe  
  69  6:25  Probe  
  71  6:36  Probe  
  71  6:37  Carrier  
  78  7:05  Probe x2  
  53  7:17  Probe  
  36  7:33  Adept  
  36  7:34  Adept  
  36  7:36  Probe  
  41  7:47  Pylon  
  41  7:48  Probe  
  42  8:00  Probe x2  
  44  8:10  Probe x2  
  46  8:18  Probe x2  
  46  8:26  Probe  
  46  8:27  Probe  
  50  8:38  Probe x2  
  50  8:40  Pylon  
  52  8:45  Stargate  
  52  8:47  Nexus  
  52  8:53  Forge  
Show
View Real Time Build Order
Export as new Build Order

ManlyManMeat Zerg - Winner!

Build Orders: Hatch First 

Get SALT Encoding   

  12  0:00  Drone  
  13  0:08  Drone  
  14  0:14  Extractor  
  14  0:15  Drone  
  15  0:21  Overlord  
  15  0:40  Drone  
  16  0:46  Hatchery  
  15  0:50  Drone  
  15  0:55  Drone  
  17  0:58  Drone  
  18  1:11  Extractor  
  18  1:13  Spawning Pool  
  18  1:17  Drone  
  17  1:26  Drone  
  18  1:41  Drone  
  19  1:50  Drone  
  20  1:59  Queen  
  20  2:00  Zergling x2, Queen  
  20  2:01  Zergling x2  
  26  2:10  Overlord  
  26  2:16  Metabolic Boost  
  26  2:21  Drone  
  26  2:22  Drone  
  28  2:33  Drone x3  
  31  2:47  Drone  
  31  2:48  Drone  
  33  3:00  Drone x2  
  33  3:03  Hatchery  
  33  3:05  Queen  
  34  3:06  Overlord  
  34  3:08  Overlord  
  36  3:30  Drone x2  
  36  3:31  Drone x3  
  36  3:33  Drone x3  
  44  3:36  Extractor  
  43  3:50  Drone  
  43  3:51  Drone x3  
  47  4:01  Overlord  
  47  4:02  Overlord  
  47  4:15  Spore Crawler  
  47  4:16  Spore Crawler  
  44  4:17  Spore Crawler  
  44  4:18  Spore Crawler  
  44  4:19  Spore Crawler x2  
  44  4:20  Queen  
  44  4:22  Queen  
  43  4:30  Drone x2  
  45  4:31  Drone  
  45  4:32  Drone x3  
  45  4:36  Baneling Nest  
  48  4:41  Drone  
  48  4:42  Drone  
  48  4:44  Lair  
  50  4:51  Evolution Chamber  
  46  5:15  Zergling x4  
  46  5:16  Zergling x20  
  46  5:18  Drone  
  46  5:19  Drone  
  60  5:22  Zerg Melee Weapons Level 1  
  60  5:25  Drone x3  
  60  5:28  Evolution Chamber  
  62  5:39  Overlord  
  62  5:40  Overlord x2  
  62  5:43  Drone x2  
  64  5:53  Zerg Ground Armor Level 1  
  64  6:00  Centrifugal Hooks  
  64  6:04  Extractor  
  64  6:05  Extractor  
  64  6:09  Baneling  
  64  6:10  Zergling x28  
  75  6:15  Drone  
  76  6:21  Baneling x3  
  76  6:24  Zergling x6  
  78  6:38  Zergling x6  
  80  6:43  Hydralisk Den  
  80  6:45  Drone x4  
  80  6:46  Drone x2, Overlord x2  
  85  6:53  Zergling x8  
  78  7:12  Zergling x16  
  74  7:37  Hydralisk x6  
  82  7:51  Hatchery  
  82  7:56  Hydralisk x5  
  89  8:07  Hydralisk x2  
  90  8:29  Overlord x2  
  90  8:41  Hydralisk  
  90  8:45  Hatchery  
Tags
 
Matchup
PvZ
Replay Pack
Myownreplay2
Spawn Locations
Cross Positions
Add a new tag
Caveats
  • Supply blocks, unpowered buildings, or Contaminate may cause inaccurate times.
  • Supply counts are checked every 10 seconds.